 Dungeon Crawl Stone Soup version 0.30.1-4-g462c640d31 (webtiles) character file.

Game seed: 9545402630566943595

1076 leafyfresh the Covert (level 8, 0/68 HPs)
             Began as a Naga Transmuter on Aug 17, 2023.
             Slain by a gnoll
             ... wielding a +0 halberd
              (15 damage)
             ... on level 6 of the Dungeon.
             The game lasted 00:13:12 (6962 turns).

leafyfresh the Covert (Naga Transmuter)             Turns: 6962, Time: 00:13:13

Health: 0/68       AC:  4    Str: 13    XL:     8   Next: 29%
Magic:  11/11      EV: 10    Int: 14    God:
Gold:   271        SH:  0    Dex: 13    Spells: 7/11 levels left

rFire   . . .        j - +6 whip (flame)
rCold   . . .        (no shield)
rNeg    . . .        a - +0 robe
rPois   +            (helmet currently unavailable)
rElec   .            (no cloak)
rCorr   .            c - +0 pair of gloves
SInv    +            (no barding)
Will    +....        (no amulet)
Stlth   ++++         (no ring)
HPRegen 0.31/turn    (no ring)
MPRegen 0.12/turn

%: no passive effects
@: appendages, very slow
A: horns 2, AC +2, large, see invisible, deformed body, poison resistance,
slowness 2, spit poison 1, naga tail 1
a: Spit Poison, End Transformation


You were on level 6 of the Dungeon.
You had temporarily grown beastly horns.
You visited 1 branch of the dungeon, and saw 6 of its levels.

You collected 271 gold pieces.

Inventory:

Hand Weapons
 d - a +0 short sword
 f - a +2 short sword of venom
 j - a +6 whip of flaming (weapon)
 x - a +1 short sword of speed
 y - a +0 sling
 C - a +0 giant club
Missiles
 r - 2 throwing nets
 A - 3 boomerangs of dispersal (quivered)
 B - 11 poisoned darts
Armour
 a - a +0 robe (worn)
 c - a +0 pair of gloves (worn)
Jewellery
 q - a ring of fire
 D - a ring of see invisible
Scrolls
 e - a scroll of amnesia
 i - a scroll of fog {unknown}
 m - a scroll of magic mapping
 o - 2 scrolls of poison
 t - 2 scrolls of blinking
 u - a scroll of noise
 v - a scroll of fear
 E - 2 scrolls of torment
 F - a scroll of identify
Potions
 b - 3 potions of lignification
 g - 2 potions of degeneration {unknown}
 h - 3 potions of might {unknown}
 k - a potion of ambrosia {unknown}
 l - a potion of resistance {unknown}
 n - 2 potions of curing {unknown}
 p - 2 potions of mutation {unknown}
 s - a potion of magic {unknown}
 z - a potion of haste {unknown}


   Skills:
 + Level 2.7 Fighting
 - Level 1.5 Dodging
 - Level 8.0 Stealth
 - Level 4.3 Unarmed Combat
 - Level 2.0 Spellcasting
 - Level 6.4 Transmutations
 + Level 3.2 Poison Magic


You had 7 spell levels left.
You knew the following spells:

 Your Spells              Type           Power      Damage    Failure   Level
a - Beastly Appendage     Tmut           38%        N/A       1%          1
b - Spider Form           Tmut/Pois      14%        N/A       10%         3

Your spell library contained the following spells:

 Spells                   Type           Power      Damage    Failure   Level
 Wereblood                Tmut           19%        N/A       2%          2
 Ice Form                 Ice/Tmut       10%        N/A       54%         4
 Fireball                 Conj/Fire      0%         3d3       100%        5
 Iskenderun's Battlesphe  Conj           1%         2d6       100%        5
 Conjure Ball Lightning   Conj/Air       0%         3x3d6     100%        6
 Orb of Destruction       Conj           0%         9d5       100%        7


Dungeon Overview and Level Annotations

Branches:
Dungeon (6/15)
 Temple: D:4-7

Altars:
Dithmenos
Okawaru
Ru
Zin

Shops:
D:4 *

Annotations:
D:6 1 transporter


Innate Abilities, Weirdness & Mutations

You have temporarily grown beastly horns.
Your serpentine skin is tough. (AC +2)
You have supernaturally acute eyesight. (SInv)
Armour fits poorly on your strangely shaped body.
Your system is resistant to poisons. (rPois)
You cover ground very slowly.
You can spit poison.
You have a snake-like lower body.


Message History

You completely miss the ufetubus.
The ufetubus is lightly wounded.
The ufetubus misses you. The ufetubus barely misses you.
The ufetubus hits you but does no damage.
The ufetubus misses you.
You whack the ufetubus! You burn the ufetubus.
You kill the ufetubus!
A gnoll comes into view. It is wielding a +0 halberd.
The bullfrog closely misses you.
You hit the bullfrog. You burn the bullfrog.
The bullfrog is moderately wounded.
The bullfrog hits you but does no damage.
The gnoll hits you from afar with a +0 halberd!
The bullfrog hits you. The gnoll barely misses you.
You are too injured to fight recklessly!
You are too injured to fight recklessly!
You are too injured to fight recklessly!
Unknown command.
You hit the bullfrog. You burn the bullfrog.
The bullfrog is heavily wounded.
The bullfrog hits you. The gnoll barely misses you.
Unknown command.
You hit the bullfrog. You burn the bullfrog.
The bullfrog is almost dead.
The bullfrog barely misses you. The bullfrog hits you.
The gnoll completely misses you.
Unknown command.
You hit the bullfrog. You burn the bullfrog.
The bullfrog is almost dead.
The bullfrog misses you.
The gnoll hits you from afar with a +0 halberd.
* * * LOW HITPOINT WARNING * * *
The bullfrog hits you but does no damage.
Unknown command.
You closely miss the bullfrog.
The bullfrog is almost dead.
The bullfrog hits you.
* * * LOW HITPOINT WARNING * * *
The gnoll hits you from afar with a +0 halberd!
You die...

#.# #.. ###.# #.# ....#
#(# ###.# #.# #.# #.#
#.# #.# ###.####.# #
#........#########g#####
#.#†............@Fg.....
#.#..#..################
#.#....## #.#...##
#.#..## ..#>.# ###... ..
.### ###.# ......


You could see a bullfrog and 2 gnolls.

Vanquished Creatures
  2 black bears
  An ogre (D:6)
  2 bullfrogs (D:6)
  A scorpion (D:6)
  A howler monkey (D:5)
  3 hounds
  2 orc priests (D:4)
  A jelly (D:6)
  A gnoll bouda (D:5)
  A sleepcap (D:6)
  2 iguanas
  2 orc wizards (D:4)
  7 adders
  7 gnolls
  An ufetubus (D:6)
  2 worms
  3 dart slugs
  19 orcs
  13 endoplasms
  2 giant cockroaches
  4 goblins
  7 hobgoblins
  2 jackals (D:1)
  6 kobolds
  3 quokkas
  7 ball pythons
  5 bats
  3 frilled lizards (D:2)
  3 rats
113 creatures vanquished.

Notes
Turn   | Place    | Note
-------+----------+-------------------------------------------
     0 | D:1      | leafyfresh the Naga Transmuter began the quest for the Orb.
     0 | D:1      | Reached XP level 1. HP: 18/18 MP: 3/3
     4 | D:1      | Noticed an electric eel
     7 | D:1      | Noticed an electric eel
   142 | D:1      | Reached XP level 2. HP: 19/25 MP: 3/5
   981 | D:1      | Found a faded altar of an unknown god.
  1105 | D:1      | Reached XP level 3. HP: 26/31 MP: 6/6
  1109 | D:1      | Learned a level 3 spell: Spider Form
  1670 | D:2      | Reached skill level 1 in Stealth
  1767 | D:2      | Reached XP level 4. HP: 38/38 MP: 5/7
  1771 | D:2      | Reached skill level 2 in Stealth
  2179 | D:3      | Reached skill level 3 in Stealth
  2331 | D:3      | Reached XP level 5. HP: 44/44 MP: 8/8
  3170 | D:4      | Reached skill level 4 in Stealth
  3415 | D:4      | Reached skill level 5 in Transmutations
  3507 | D:4      | Found Ruufaasa's Assorted Antiques.
  3570 | D:4      | Reached XP level 6. HP: 51/51 MP: 9/9
  3575 | D:4      | Reached skill level 5 in Stealth
  4439 | D:4      | Found a glowing silver altar of Zin.
  4473 | D:5      | Entered Level 5 of the Dungeon
  4591 | D:5      | Reached skill level 6 in Stealth
  4591 | D:5      | Noticed a black bear
  5276 | D:5      | Found a shadowy altar of Dithmenos.
  5407 | D:5      | Killed a black bear
  5408 | D:5      | Reached skill level 7 in Stealth
  5408 | D:5      | Reached XP level 7. HP: 34/57 MP: 6/10
  5704 | D:5      | Found an iron altar of Okawaru.
  5711 | D:5      | Found a sacrificial altar of Ru.
  6061 | D:6      | Found a transporter.
  6543 | D:6      | Reached skill level 1 in Poison Magic
  6740 | D:6      | Reached XP level 8. HP: 64/64 MP: 11/11
  6766 | D:6      | Reached skill level 8 in Stealth
  6962 | D:6      | Slain by a gnoll

Illustrated notes

Levels and vault maps discovered:
D:1:      arrival_aquarium_b, layout_loops_ring, basic_ecumenical_altar,
          hex_medium
D:2:      layout_rooms
D:3:      layout_basic, kennysheep_generic_room_16
D:4:      layout_basic, zin_treasury, serial_shops, shop
D:5:      layout_loops_ring, nicolae_dithmenos_the_darkroom,
          mainiacjoe_overflow_big_doors
D:6:      layout_basic, gammafunk_ghost_abyssal_escape, kennysheep_pointless_box

Skill      XL: |  1  2  3  4  5  6  7  8 |
---------------+-------------------------+-----
Transmutations | 3 4 5 6 |  6.4
Stealth        | 1 3 4 7 8 |  8.0
Unarmed Combat | 4 |  4.3
Poison Magic   | 1 3 |  3.2
Fighting       | 2 |  2.7
Dodging        | |  1.5
Spellcasting   | |  2.0

Action                     |  1- 3 |  4- 6 |  7- 9 || total
---------------------------+-------+-------+-------++-------
  Melee: Unarmed           |    24 |    69 |    46 ||   139
         Headbutt          |     8 |       |     4 ||    12
         Short sword       |    71 |   105 |     7 ||   183
         Punch             |     4 |     2 |     2 ||     8
         Whip              |       |       |    38 ||    38
  Throw: Boomerang         |       |       |     2 ||     2
   Cast: Beastly Appendage |    12 |     2 |     6 ||    20
         Spider Form       |       |     8 |     6 ||    14
    Use: Potion            |       |     2 |       ||     2
         Scroll            |       |     6 |     7 ||    13
   Stab: Sleeping          |     4 |     8 |     3 ||    15
         Distracted        |       |     1 |       ||     1
 Armour: Robe              |    14 |    22 |    12 ||    48
         Skin              |       |     4 |       ||     4
  Dodge: Dodged            |    40 |    97 |    66 ||   203
